 Dungeon Crawl Stone Soup version 0.31-a0-845-g9abc20d (webtiles) character file.

Game seed: 6615641350855083199

114 BarneyGumball the Chopper (level 4, -2/32 HPs)
             Began as a Demonspawn Artificer on Oct 1, 2023.
             Slain by a gnoll
             ... wielding a +1 whip of pain
              (7 damage)
             ... on level 2 of the Dungeon.
             The game lasted 00:05:34 (1937 turns).

BarneyGumball the Chopper (Demonspawn Artificer)    Turns: 1937, Time: 00:05:34

Health: -2/32      AC:  3    Str: 14    XL:     4   Next: 66%
Magic:  4/4        EV: 11    Int: 12    God:
Gold:   61         SH:  0    Dex: 14    Spells: 3/3 levels left

rFire   . . .        l - +0 war axe (vamp)
rCold   . . .        (no shield)
rNeg    . . .        b - +0 leather armour
rPois   .            (helmet restricted)
rElec   .            (no cloak)
rCorr   .            (no gloves)
SInv    .            (no boots)
Will    .....        (no amulet)
Stlth   +            (no ring)
HPRegen 0.25/turn    (no ring)
MPRegen 0.09/turn

%: no passive effects
@: no status effects
A: antennae 1, hooves 1, ignite blood 1
a: no special abilities


You were on level 2 of the Dungeon.
You visited 1 branch of the dungeon, and saw 2 of its levels.

You collected 61 gold pieces.

Inventory:

Hand Weapons
 l - a +0 vampiric war axe (weapon)
Armour
 b - a +0 leather armour (worn)
Wands
 c - a wand of flame (11) (quivered)
 d - a wand of charming (15)
 e - a wand of iceblast (3)
Scrolls
 g - a scroll of poison {unknown}
 i - a scroll of fog {unknown}
 j - a scroll of silence {unknown}
 k - a scroll of blinking {unknown}
Potions
 a - a potion of curing {unknown}
 h - a potion of experience {unknown}
 m - a potion of brilliance {unknown}


   Skills:
 - Level 1.0 Fighting
 + Level 3.9(4.0) Axes
 - Level 0.1(2.3) Maces & Flails
 - Level 1.7 Armour
 - Level 0.8 Dodging
 - Level 0.8 Stealth
 - Level 3.0 Evocations


You had 3 spell levels left.
You didn't know any spells.
Your spell library contained the following spells:

 Spells                   Type           Power      Damage    Failure   Level
 Blink                    Tloc           0%         N/A       52%         2
 Poisonous Vapours        Pois/Air       0%         N/A       52%         2
 Mephitic Cloud           Conj/Pois/Air  0%         N/A       77%         3
 Manifold Assault         Tloc           0%         N/A       99%         4
 Freezing Cloud           Conj/Ice/Air   0%         6-21      100%        5


Dungeon Overview and Level Annotations

Branches:
Dungeon (2/15)

Altars:

Annotations:
D:2 1 runed translucent door, exclusion: door, Crazy Yiuf


Innate Abilities, Weirdness & Mutations

You have a pair of small antennae on your head.
You have large cloven feet.
Your demonic aura sometimes causes spilled blood to erupt in flames.


Message History

Found a stone staircase leading down.
The gnoll shouts! x2
A gnoll comes into view. It is wielding a +0 flail.
Okay, then.
The gnoll shouts!
You hit the gnoll. Your kick misses the gnoll.
The gnoll is moderately wounded.
The gnoll hits you with a +0 flail!
You hit the gnoll.
The gnoll is heavily wounded.
The gnoll closely misses you.
You closely miss the gnoll.
The gnoll hits you with a +1 whip of pain.
You hit the gnoll. You kick the gnoll.
The gnoll is moderately wounded.
You hit the gnoll but do no damage.
A gnoll comes into view. It is wielding a +0 whip.
The gnoll hits you with a +0 flail.
The gnoll hits you with a +1 whip of pain.
You writhe in agony.
You barely miss the gnoll.
The gnoll shouts!
Your kick misses the gnoll.
The gnoll is moderately wounded.
You closely miss the gnoll. The gnoll hits you with a +0 flail!
* * * LOW HITPOINT WARNING * * *
The gnoll misses you.
Okay, then.
You slash the gnoll!
You kill the gnoll!
You barely miss the gnoll.
The gnoll hits you with a +1 whip of pain.
* * * LOW HITPOINT WARNING * * *
The gnoll barely misses you.
As you read the scroll labelled UMEOMUTEIXT, it crumbles to dust.
It is a scroll of brand weapon.
Your +0 war axe thirsts for the lives of mortals!
l - a +0 vampiric war axe (weapon)
The gnoll hits you with a +1 whip of pain!
You die...

#################
.#...............#
.>......g.......#
#..........gg...#
########
#g##########g####
#.......
#...########@#####
#.......
#.#.#......).....#
#.......
#.........°......#
#.......
#.#....###########
#....... #..###
#....... #...#
##### #.......
#...## #..)#
#####.......
#....# #...#
#...........
#†.### ...
#####.......


You could see 3 gnolls.

Vanquished Creatures
  Robin (D:2)
  4 adders (D:2)
  A gnoll (D:2)
  2 worms (D:2)
  2 dart slugs
  A ball python (D:1)
  3 endoplasms (D:2)
  A giant cockroach (D:1)
  11 goblins
  5 hobgoblins
  4 kobolds
  A quokka (D:1)
  4 bats (D:1)
  5 rats
45 creatures vanquished.

Notes
Turn   | Place    | Note
-------+----------+-------------------------------------------
     0 | D:1      | BarneyGumball the Demonspawn Artificer began the quest for
                  | the Orb.
     0 | D:1      | Reached XP level 1. HP: 15/15 MP: 1/1
   327 | D:1      | Reached skill level 1 in Axes
   414 | D:1      | Gained mutation: Your demonic aura sometimes causes spilled
                  | blood to erupt in flames. [demonic ancestry]
   414 | D:1      | Reached XP level 2. HP: 21/21 MP: 2/2
  1074 | D:2      | Found a runed translucent door.
  1075 | D:2      | Noticed Crazy Yiuf
  1157 | D:2      | Discovered your monstrous ancestry.
  1157 | D:2      | Gained mutation: You have a pair of small antennae on your
                  | head. [demonic ancestry]
  1157 | D:2      | Reached XP level 3. HP: 11/26 MP: 3/3
  1666 | D:2      | Noticed Robin
  1673 | D:2      | Killed Robin
  1675 | D:2      | Gained mutation: You have large cloven feet. [demonic
                  | ancestry]
  1675 | D:2      | Reached XP level 4. HP: 26/32 MP: 4/4
  1937 | D:2      | Slain by a gnoll

Illustrated notes

Levels and vault maps discovered:
D:1:      dpeg_arrival_tiny_a, layout_basic, serial_bayou_lake_a
D:2:      layout_basic, uniq_robin, uniq_crazy_yiuf_cottage

Skill      XL: |  1  2  3 |
---------------+----------+-----
Axes           | 1 2 3 |  3.9
Fighting       | |  1.0
Maces & Flails | |  0.1
Armour         | |  1.7
Dodging        | |  0.8
Stealth        | |  0.8
Evocations     | |  3.0

Action                     |  1- 3 |  4- 6 || total
---------------------------+-------+-------++-------
  Melee: Hand axe          |    55 |       ||    55
         Club              |     6 |       ||     6
         Punch             |     3 |       ||     3
         War axe           |    17 |    29 ||    46
         Kick              |       |     7 ||     7
  Evoke: Wand              |     6 |       ||     6
    Use: Scroll            |       |     1 ||     1
   Stab: Sleeping          |       |     1 ||     1
 Armour: Leather armour    |    55 |    17 ||    72
  Dodge: Dodged            |    33 |    15 ||    48

Table legend: (Time is in decaauts)
 A = Elapsed time spent in this place.
 B = Non-inter-level travel time spent in this place.
 C = Inter-level travel time spent in this place.
 D = Time resting spent in this place.
 E = Time spent auto-exploring this place.
 F = Levels seen in this place.
 G = Mean time per level.
                   A        B        C        D        E       F      G
               +--------+--------+--------+--------+--------+-----+--------+
         Total |   1988 |   1940 |     48 |     58 |   1439 |   2 |  994.0 |
       Dungeon |   1988 |   1940 |     48 |     58 |   1439 |   2 |  994.0 |
               +--------+--------+--------+--------+--------+-----+--------+

Top non-repeatable levels by time:
     D:2: 1041 daAuts
     D:1: 946 daAuts
